 Dungeon Crawl Stone Soup version 0.31-a0-233-g139696dc86 (webtiles) character file.

Game seed: 18238277240995450875

35 qw the Shooter (level 3, -1/29 HPs)
             Began as a Minotaur Hexslinger on July 8, 2023.
             Slain by a gnoll
             ... wielding a +0 spear
              (6 damage)
             ... on level 2 of the Dungeon.
             The game lasted 00:00:25 (1184 turns).

qw the Shooter (Minotaur Hexslinger)                Turns: 1184, Time: 00:00:25

Health: -1/29      AC:  3    Str: 12    XL:     3   Next: 16%
Magic:  3/3        EV: 12    Int: 10    God:
Gold:   44         SH:  0    Dex: 14    Spells: 3/4 levels left

rFire   . . .        Y - +1 sling
rCold   . . .        (no shield)
rNeg    . . .        d - +0 leather armour
rPois   .            (helmet restricted)
rElec   .            (no cloak)
rCorr   .            (no gloves)
SInv    .            (no boots)
Will    .....        (no amulet)
Stlth   +            (no ring)
HPRegen 0.24/turn    (no ring)
MPRegen 0.08/turn

%: no passive effects
@: no status effects
A: horns 2, retaliatory headbutt
a: no special abilities


You were on level 2 of the Dungeon.
You visited 1 branch of the dungeon, and saw 2 of its levels.

You collected 44 gold pieces.


Innate Abilities, Weirdness & Mutations

You have a pair of horns on your head.
You reflexively headbutt those who attack you in melee.


   Skills:
 - Level 2.0 Fighting
 + Level 3.7 Ranged Weapons
 - Level 2.1 Dodging
 - Level 1.0 Spellcasting
 - Level 2.0 Hexes


You had 3 spell levels left.
You knew the following spells:

 Your Spells              Type           Power      Damage    Failure   Level
a - Slow                  Hex            16%        N/A       19%         1

Your spell library contained the following spells:

 Spells                   Type           Power      Damage    Failure   Level
 Inner Flame              Hex/Fire       2%         N/A       65%         3
 Portal Projectile        Hex/Tloc       4%         N/A       65%         3
 Cause Fear               Hex            2%         N/A       88%         4

Inventory:

Hand Weapons
 Y - a +1 sling (weapon)
Armour
 c - a +0 pair of gloves
 d - a +0 leather armour (worn)
Scrolls
 a - a scroll of identify
 b - a scroll of noise {unknown}
Potions
 g - a potion of curing {unknown}
 h - a potion of enlightenment
 i - a potion of ambrosia {unknown}
 j - a potion of heal wounds {unknown}
 k - a potion of haste {unknown}

Dungeon Overview and Level Annotations

Branches:
Dungeon (2/15)

Altars:
Qazlal

Shops:
D:1 *


Message History

Enter note:
Enter note:
Enter note:
c - a +0 pair of gloves
Enter note:
Enter note:
Enter note:
There is a shaft here.
There is an open door here.
You see here 4 stones.
As you open the door, it creaks loudly! 2 gnolls come into view.
The gnoll shouts! x2
Enter note:
Enter note:
Enter note: You shoot a sling bullet.
The sling bullet barely misses the gnoll. x2
A gnoll comes into view. It is wielding a +0 whip.
You shoot a sling bullet. The sling bullet hits the gnoll.
The gnoll is lightly wounded.
You shoot a sling bullet.
The sling bullet hits the gnoll but does no damage.
The gnoll is lightly wounded.
A gnoll comes into view. It is wielding a +0 club.
The gnoll hits you with a +0 flail.
The gnoll moves out of view.
You shoot a sling bullet.
The sling bullet barely misses the gnoll.
The gnoll hits you from afar with a +0 spear.
The gnoll closely misses you.
You shoot a sling bullet. The gnoll shouts!
The sling bullet hits the gnoll.
The gnoll is moderately wounded.
The gnoll hits you but does no damage. The gnoll misses you.
You shoot a sling bullet. The sling bullet hits the gnoll.
The gnoll is severely wounded.
The gnoll closely misses you. The gnoll hits you with a +0 flail! x2
The gnoll hits you from afar with a +0 spear.
You die...

.#.....# .. .'.....#
..#<#.# .#...%.# .. #.#.#
.#.....##.# #.#g#
.#####....# #.#.#
.#####.#### #.#g# ........#
#.#g########
##....#.######.#'##.....###
#.####........g@..(......#
.. #########......_....# .
+...........#
#...........#######
+...........'......
#...........#######
#...........# #
############# # #


You could see 4 gnolls.

Vanquished Creatures
  8 endoplasms (D:1)
  A giant cockroach (D:1)
  2 goblins (D:1)
  3 hobgoblins (D:1)
  3 quokkas (D:1)
  3 ball pythons (D:1)
  2 frilled lizards (D:1)
  6 kobolds
  4 rats
32 creatures vanquished.

Notes
Turn   | Place    | Note
-------+----------+-------------------------------------------
     0 | D:1      | qw the Minotaur Hexslinger began the quest for the Orb.
     0 | D:1      | Reached XP level 1. HP: 16/16 MP: 1/1
     0 | D:1      | 0 ||| qw: Version: 0.3-a-46-gb1f654a
     0 | D:1      | 0 ||| qw: Game counter: 3639
     0 | D:1      | 0 ||| qw: Melee chars always use a shield: true
     0 | D:1      | 0 ||| qw: God list: Okawaru
     0 | D:1      | 0 ||| qw: Allow faded altars: false
     0 | D:1      | 0 ||| qw: Do Orc after clearing Dungeon:15 true
     0 | D:1      | 0 ||| qw: Do second Lair branch before Depths: true
     0 | D:1      | 0 ||| qw: Lair rune preference: random
     0 | D:1      | 0 ||| qw: Goals: Normal
     0 | D:1      | 0 ||| PLANNING D:1-11
    86 | D:1      | HP: 1/16 [quokka (4)]
    91 | D:1      | Reached skill level 3 in Ranged Weapons
    91 | D:1      | Reached XP level 2. HP: 4/23 MP: 2/2
   597 | D:1      | Reached XP level 3. HP: 29/29 MP: 3/3
   649 | D:1      | Found Ajyechocu's General Store.
   660 | D:1      | 660 ||| SHOPLISTING +0 ring mail (52 gold, have 23).
   660 | D:1      | 660 ||| SHOPLISTING potion of enlightenment (65 gold, have
                  | 23).
   660 | D:1      | 660 ||| SHOPLISTING scroll of enchant armour (97 gold, have
                  | 23).
   660 | D:1      | 660 ||| SHOPLISTING scroll of enchant weapon (97 gold, have
                  | 23).
   933 | D:1      | 933 ||| UPGRADING to +0 leather armour.
   943 | D:1      | 943 ||| DROPPING +0 robe.
   944 | D:1      | 944 ||| READING 2 scrolls labelled KOMYUS WOOSHY.
   945 | D:1      | 945 ||| READING scroll labelled TUADDUHYCVA.
  1046 | D:1      | 1046 ||| DRINKING 2 smoky golden potions.
  1047 | D:1      | 1047 ||| DROPPING scroll of poison.
  1105 | D:2      | Found a stormy altar of Qazlal.
  1184 | D:2      | HP: 5/29 [gnoll/+0 flail (8)]
  1184 | D:2      | Slain by a gnoll

Levels and vault maps discovered:
D:1:      sevenhm_arrival_forest_fort_small_4, layout_loops_corners,
          serial_shops, shop, minmay_pentomino_q4
D:2:      layout_basic, basic_altar

Skill      XL: |  1  2 |
---------------+-------+-----
Ranged Weapons | 3 |  3.7
Fighting       | 2 |  2.0
Dodging        | |  2.1
Spellcasting   | |  1.0
Hexes          | |  2.0

Action                     || total
---------------------------++-------
   Fire: Sling             ||    95
    Use: Scroll            ||     2
         Potion            ||     1
 Armour: Robe              ||     3
         Leather armour    ||     1
  Dodge: Dodged            ||    26

Table legend:
 A = Non-vault XP
 B = Vault XP
 C = Vault XP percentage of total XP
 D = Non-vault monster count
 E = Vault monster count
 F = Vault count percentage of total count
                 A         B        C        D         E       F
            +---------+---------+-------+---------+---------+-------
      Total |      43 |       7 |  14.0 |      28 |       4 |  12.5
            +---------+---------+-------+---------+---------+-------
        D:1 |      40 |       7 |  14.9 |      26 |       4 |  13.3
        D:2 |       3 |       0 |   0.0 |       2 |       0 |   0.0
            +---------+---------+-------+---------+---------+-------
